Match 42204971
Unlisted

Match 42204971
End
Construct Section Command Post
Vickers Machine Gun Team
Selects Canadian Shock Battlegroup
Infantry Section
ML 3-inch Mortar Team
Vickers Machine Gun Team
Infantry Section
Construct Platoon Command Post
CMP 15cwt Truck
Infantry Training
Selects Incendiary Munitions
6-pounder Anti-tank Gun Team
Grenade Package
Infantry Section
Unlock Bishop Self-propelled Artillery
Selects Pyrotechnics
Bishop Self-propelled Artillery
Unlock M3 Stuart Light Tanks
Armored Vehicle Training
Light Vehicle Training
Bishop Self-propelled Artillery
M3 Stuart Light Tank
6-pounder Anti-tank Gun Team
Selects Churchill Crocodile Heavy Tank
Churchill Crocodile Heavy Tank
Selects Attacking Spirit
Bishop Self-propelled Artillery
Selects Canadian Shock Section
Selects Point Assault
Vickers Machine Gun Team
Point Assault
6-pounder Anti-tank Gun Team
Vickers Machine Gun Team
Gratia197
[HAN]Diederick Kastner
오렌지플래닛
CasaDeFrance
Pie-Eater
Skitsokiwi
BitofaLiability
L320Y
0
0

Comments sign in to comment!

No comments posted yet!